 Dungeon Crawl Stone Soup version 0.18.1-48-g4cf74bf (webtiles) character file.

388 Gargoyl the Skirmisher (level 6, -2/49 HPs)
             Began as a Demonspawn Abyssal Knight on Aug 22, 2016.
             Was a Believer of Lugonu.
             Slain by an ogre
             ... wielding a +0 giant club
              (17 damage)
             ... on level 3 of the Dungeon.
             The game lasted 00:08:16 (2742 turns).

Gargoyl the Skirmisher (Demonspawn Abyssal Knight)  Turns: 2742, Time: 00:08:17

Health: -2/49      AC:  9    Str: 19    XL:     6   Next: 49%
Magic:  8/8        EV: 11    Int: 13    God:    Lugonu [**....]
Gold:   168        SH:  0    Dex: 12    Spells: 0 memorised, 5 levels left

rFire  . . .     SeeInvis .     e - +9 spear of Roiryvasch {flame, *Corrode rElec rN+ Str+4}
rCold  . . .     Gourm    .     F - +0 chain mail
rNeg   + . .     Faith    .     (no shield)
rPois  .         Spirit   .     (no helmet)
rElec  +         Dismiss  .     v - +2 cloak {MR+}
rCorr  .         Reflect  .     f - +0 pair of gloves
SustAt .         Harm     .     (no boots)
MR     +....                    (no amulet)
Stlth  ..........               (no ring)
                                (no ring)

@: corroded, somewhat resistant to hostile enchantments, extremely unstealthy
A: claws 1, repulsion field 2
a: Depart the Abyss, Bend Space, Renounce Religion


You were on level 3 of the Dungeon.
You worshipped Lugonu.
Lugonu was pleased with you.
You were not hungry.

You visited 1 branch of the dungeon, and saw 4 of its levels.
You visited the Abyss 1 time.

You collected 168 gold pieces.

Inventory:

Hand Weapons
 a - a +1 hand axe
 e - the +9 spear of Roiryvasch (weapon) {flame, *Corrode rElec rN+ Str+4}
   (You found it on level 2 of the Abyss)

   It has been specially enchanted to burn those struck by it, causing extra
   injury to most foes and up to half again as much damage against particularly
   susceptible opponents.
   It affects your strength (+4).
   It insulates you from electricity.
   It protects you from negative energy.
   It may corrode you when you take damage.
 x - a +0 blowgun
 E - a +0 war axe
Missiles
 B - 33 poisoned needles
Armour
 f - a +0 pair of gloves (worn)
 v - a +2 cloak of magic resistance (worn)
 F - a +0 chain mail (worn)
Wands
 s - a wand of slowing (20/48)
Scrolls
 b - a scroll of identify
 d - 2 scrolls of teleportation {unknown}
 g - a scroll of magic mapping {unknown}
 h - a scroll of blinking {unknown}
 i - 2 scrolls of fear {unknown}
 j - a scroll of noise {unknown}
 l - a scroll of random uselessness {unknown}
 m - 3 scrolls of remove curse {unknown}
 n - a scroll of enchant weapon {unknown}
 t - a scroll of amnesia {unknown}
 u - a scroll of enchant armour {unknown}
 w - 3 scrolls of fog {unknown}
 y - 2 scrolls of recharging {unknown}
Potions
 p - 2 potions of mutation {unknown}
 q - a potion of magic {unknown}
Comestibles
 c - 2 bread rations
 o - a meat ration
 r - 3 fruits
 z - a beef jerky
 A - a slice of pizza


   Skills:
 + Level 4.7 Fighting
 + Level 2.5(2.9) Axes
 + Level 1.9(2.5) Polearms
 * Level 3.6 Armour
 + Level 1.8 Dodging
 + Level 3.4 Invocations


You had 5 spell levels left.
You didn't know any spells.

Dungeon Overview and Level Annotations

Branches:
Dungeon (4/15)
 Temple: D:4-7

Altars:


Innate Abilities, Weirdness & Mutations

You have sharp fingernails.
You are surrounded by a moderate repulsion field (EV +3).


Message History

Read which item? (? for menu, Esc to quit)
Okay, then.
There is a stone staircase leading up here.
The ogre hits you with a giant club.
* * * LOW HITPOINT WARNING * * *
You climb upwards.
There is a stone staircase leading down here.
Your chain mail prevents you from hitting the ogre.
The ogre hits you with a giant club!
* * * LOW HITPOINT WARNING * * *
Drink which item? (? for menu, Esc to quit)
You feel better.
Drink which item? (? for menu, Esc to quit)
You feel better. The ogre hits you with a giant club!
* * * LOW HITPOINT WARNING * * *
Drink which item? (? for menu, Esc to quit)
You feel better. The ogre hits you with a giant club.
Your corrosive artefact corrodes you!
The ogre hits you with a giant club!
You die...

# ##.........# #
#.........# #
#.........# #
#.........# #######
#.........#
......####.#########
...##...##.#......#
...####.........O>#
................@.#
...#####..........#
...# #..........#
...#####..........#
............#######
########....# #....#
#....# #....#


You could see an ogre.

Vanquished Creatures
  A crocodile (D:4)
  A giant frog (D:4)
  An orc priest (D:4)
  Crazy Yiuf (D:2)
  An orc wizard (D:4)
  Jessica (D:2)
  Natasha (D:3)
  A worker ant (D:4)
  2 adders (D:4)
  2 worms
  A dart slug (D:2)
  3 giant geckos
  6 orcs
  A giant cockroach (D:2)
  7 goblins
  4 hobgoblins (D:1)
  3 jackals (D:1)
  9 bats
  3 giant newts
  9 kobolds
  9 rats
67 creatures vanquished.

Notes
Turn   | Place    | Note
--------------------------------------------------------------
     0 | Abyss:1  | Gargoyl the Demonspawn Abyssal Knight began the quest for the Orb.
     0 | Abyss:1  | Reached XP level 1. HP: 18/18 MP: 2/2
    33 | Abyss:2  | Got an encrusted spear
    40 | Abyss:2  | Noticed a large abomination
    41 | D:1      | Escaped the Abyss
    42 | D:1      | Identified the +9 spear of Roiryvasch {flame, *Corrode rElec rN+ Str+4} (You found it on level 2 of the Abyss)
   290 | D:1      | Reached * piety under Lugonu
   290 | D:1      | Gained mutation: You are surrounded by a mild repulsion field (EV +2). [demonic ancestry]
   290 | D:1      | Reached XP level 2. HP: 24/24 MP: 3/3
   853 | D:2      | Gained mutation: You are surrounded by a moderate repulsion field (EV +3). [demonic ancestry]
   853 | D:2      | Reached XP level 3. HP: 29/29 MP: 5/5
  1030 | D:2      | Noticed Jessica
  1034 | D:2      | Killed Jessica
  1034 | D:2      | Reached skill level 1 in Dodging
  1229 | D:2      | Noticed Crazy Yiuf
  1235 | D:2      | Killed Crazy Yiuf
  1235 | D:2      | Reached skill level 4 in Fighting
  1235 | D:2      | Reached XP level 4. HP: 37/37 MP: 6/6
  1548 | D:3      | Reached ** piety under Lugonu
  1580 | D:3      | Reached skill level 1 in Polearms
  1939 | D:3      | Noticed Natasha
  1948 | D:3      | Killed Natasha
  1952 | D:3      | Reached XP level 5. HP: 37/42 MP: 7/7
  2179 | D:4      | Noticed a crocodile
  2206 | D:4      | Gained mutation: You have sharp fingernails. [demonic ancestry]
  2206 | D:4      | Reached XP level 6. HP: 25/49 MP: 8/8
  2742 | D:3      | Slain by an ogre

Skill      XL: |  1  2  3  4  5 |
---------------+----------------+-----
Axes           | 2 |  2.5
Armour         | 2 3 |  3.6
Dodging        | 1 |  1.8
Fighting       | 4 |  4.7
Invocations    | 3 |  3.4
Polearms       | 1 |  1.9

Action                   |  1- 3 |  4- 6 || total
-------------------------+-------+-------++-------
Melee: Spear             |    71 |    91 ||   162
 Fire: Blowgun           |       |     5 ||     5
Invok: Depart the Abyss  |     1 |       ||     1
       Bend Space        |       |     1 ||     1
  Use: Scroll            |     1 |       ||     1
       Potion            |       |     4 ||     4
  Eat: Chunk             |     1 |     5 ||     6
Armor: Leather armour    |     2 |       ||     2
       Ring mail         |    16 |     9 ||    25
       Scale mail        |       |    11 ||    11
Dodge: Dodged            |    31 |    40 ||    71
